 Dungeon Crawl Stone Soup version 0.29.1-1-gd02db6906a (webtiles) character file.

Game seed: 9225043086954150161

17 nshep25 the Sneak (level 2, 0/24 HPs)
             Began as a Human Delver on Oct 7, 2022.
             Slain by an orc
             ... wielding a +0 short sword
              (2 damage)
             ... on level 3 of the Dungeon.
             The game lasted 00:02:23 (494 turns).

nshep25 the Sneak (Human Delver)                     Turns: 494, Time: 00:02:24

Health: 0/24       AC:  3    Str: 12    XL:     2   Next: 80%
Magic:  2/2        EV: 12    Int: 10    God:
Gold:   54         SH:  0    Dex: 14    Spells: 1/1 levels left

rFire   . . .      SeeInvis .   a - +0 falchion
rCold   + . .      Faith    .   (no shield)
rNeg    . . .      Spirit   .   b - +0 leather armour
rPois   .          Reflect  .   (no helmet)
rElec   .          Harm     .   (no cloak)
rCorr   .          Rampage  .   (no gloves)
Will    .....                   (no boots)
Stlth   +++.......              (no amulet)
HPRegen 0.08/turn               k - ring of protection from cold
MPRegen 0.08/turn               (no ring)

@: no status effects
A: no striking features
a: no special abilities


You were on level 3 of the Dungeon.
You visited 1 branch of the dungeon, and saw 3 of its levels.

You collected 54 gold pieces.

Inventory:

Hand Weapons
 a - a +0 falchion (weapon)
Armour
 b - a +0 leather armour (worn)
Jewellery
 k - a ring of protection from cold (left hand)
Wands
 g - a wand of digging (3)
Scrolls
 c - a scroll of fog
 d - 2 scrolls of magic mapping
 e - a scroll of fear
 i - a scroll of silence {unknown}
 j - 3 scrolls of identify {unknown}
 l - a scroll of enchant weapon {unknown}
Potions
 f - a potion of haste
 m - a potion of lignification {unknown}


   Skills:
 + Level 3.0 Fighting
 + Level 2.1 Long Blades
 + Level 0.1 Armour
 + Level 2.0 Dodging
 + Level 5.5 Stealth


You had one spell level left.
You didn't know any spells.
Your spell library was empty.

Dungeon Overview and Level Annotations

Branches:
Dungeon (5/15)
 Temple: D:4-7

Altars:


Message History

The orc misses you. The orc hits you with a +0 dagger.
You hit the orc.
The orc is severely wounded.
The orc hits you with a +0 dagger.
You barely miss the orc.
The orc is severely wounded.
The orc hits you with a +0 dagger.
You closely miss the orc.
The orc is severely wounded.
The orc hits you with a +0 dagger.
You barely miss the orc.
The orc is severely wounded.
The orc misses you.
You hit the orc but do no damage.
The orc is severely wounded.
The orc barely misses you. The orc misses you.
You barely miss the orc.
The orc is severely wounded.
The orc hits you with a +0 dagger.
You hit the orc.
You kill the orc!
You closely miss the orc. The orc hits you with a +0 short sword.
You closely miss the orc. The orc closely misses you.
You hit the orc but do no damage. The orc hits you but does no damage.
The orc hits you with a +0 short sword.
You barely miss the orc. The orc hits you with a +0 short sword.
You completely miss the orc. The orc closely misses you.
You hit the orc.
The orc is heavily wounded.
The orc closely misses you.
You closely miss the orc.
The orc is heavily wounded.
The orc hits you with a +0 short sword.
* * * LOW HITPOINT WARNING * * *
You hit the orc.
The orc is almost dead.
The orc hits you with a +0 short sword.
* * * LOW HITPOINT WARNING * * *
The orc hits you with a +0 short sword.
You die...

... #.. #'# #.. #.#
#.. #o# #..
##.###### #.o
##........ #..
#.....####
#.##########...#####
#.o@......###..##...
#########..)......##
######.#### #.#####
#...... #######


You could see an orc.

Vanquished Creatures
  An adder (D:3)
  2 orcs (D:3)
  A bat (D:3)
  2 endoplasms (D:4)
6 creatures vanquished.

Notes
Turn   | Place    | Note
-------+----------+-------------------------------------------
     0 | D:5      | nshep25 the Human Delver began the quest for the Orb.
     0 | D:5      | Reached XP level 1. HP: 18/18 MP: 1/1
    28 | D:5      | Noticed an iguana
   111 | D:5      | Noticed a howler monkey
   344 | D:3      | Reached XP level 2. HP: 2/24 MP: 2/2
   494 | D:3      | Slain by an orc

Illustrated notes

Levels and vault maps discovered:
D:3:      cheibrodos_thug_alley, layout_loops_corners,
          shapermc_ecumenical_altar_mp_vishouse
D:4:      layout_cave_pods, uniq_sigmund, uniq_grinder
D:5:      layout_basic

Action                   || total
-------------------------++-------
Melee: Falchion          ||    29
  Use: Potion            ||     1
Armor: Leather armour    ||     7
Dodge: Dodged            ||    15
